 Dungeon Crawl Stone Soup version 0.30-a0-715-gdb4ae3ece1 (webtiles) character file.

Game seed: 14426549094938897268

6189 browni3141 the Basher (level 10, -4/91 HPs)
             Began as a Naga Summoner on Jan 24, 2023.
             Was an Initiate of Yredelemnul.
             Slain by a two-headed ogre
             ... wielding a +0 halberd
              (14 damage)
             ... in a bailey.
             The game lasted 00:25:44 (11544 turns).

browni3141 the Basher (Naga Summoner)              Turns: 11544, Time: 00:25:45

Health: -4/91      AC: 10    Str: 11    XL:     10   Next: 91%
Magic:  12/17      EV:  7    Int: 19    God:    Yredelemnul [......]
Gold:   193        SH: 10    Dex: 17    Spells: 6/19 levels left

rFire   + . .      SeeInvis +    C - +0 flail (venom)
rCold   + . .      Faith    .    q - +0 kite shield
rNeg    + . .      Spirit   .    U - quicksilver dragon scales of Summertime {Will+ Dex+3}
rPois   +          Reflect  .    p - +0 helmet
rElec   .          Harm     .    y - +0 cloak
rCorr   .          Rampage  .    j - +0 pair of gloves
Will    ++...                    (no barding)
Stlth   +                        O - amulet of regeneration
HPRegen 1.15/turn                h - ring of positive energy
MPRegen 0.15/turn                o - ring of Vutuhudo {Fly rF+ rC+ Dex+2 Stlth-}

@: flying, very slightly contaminated, invisible, very slow
A: AC +3, large, see invisible, deformed body, poison resistance, slowness 2,
spit poison 1, naga tail 1
a: Spit Poison, Renounce Religion, Recall Undead Harvest


You were in a bailey.
You worshipped Yredelemnul.
Yredelemnul was noncommittal.
You visited 2 branches of the dungeon, and saw 10 of its levels.
You also visited: Bailey.

You collected 421 gold pieces.
You spent 228 gold pieces at shops.

Inventory:

Hand Weapons
 b - a +5 hammer
 x - a +3 morningstar
 C - a +0 flail of venom (weapon)
Missiles
 c - 22 poisoned darts
 m - a throwing net
Armour
 a - a +0 robe
 j - a +0 pair of gloves (worn)
 p - a +0 helmet (worn)
 q - a +0 kite shield (worn)
 y - a +0 cloak (worn)
 H - a +2 leather armour of fire resistance
 U - the quicksilver dragon scales of Summertime (worn) {Will+ Dex+3}
   (You took it off a spriggan in a bailey)

   Dex:       It affects your dexterity (+3).
   Will:      It increases your willpower.
Jewellery
 f - the amulet of Midsummer {Reflect rElec SH+5}
   (You acquired it on level 9 of the Dungeon)

   [amulet of reflection]

   It reflects blocked missile attacks.
   rElec:     It insulates you from electricity.
   SH:        It affects your SH (+5).
 h - a ring of positive energy (left hand)
 o - the ring of Vutuhudo (right hand) {Fly rF+ rC+ Dex+2 Stlth-}
   (You found it on level 2 of the Dungeon)

   [ring of flight]

   Dex:       It affects your dexterity (+2).
   rF:        It protects you from fire.
   rC:        It protects you from cold.
   Fly:       It grants you flight.
   Stlth:     It makes you less stealthy.
 B - a +6 ring of strength
 G - a ring of fire
 O - an amulet of regeneration (around neck)
 P - a +5 ring of evasion
 S - an amulet of faith
Wands
 u - a wand of charming (3)
 R - a wand of roots (2)
Scrolls
 d - a scroll of enchant armour
 k - a scroll of blinking
 n - 3 scrolls of noise
 r - 2 scrolls of fog
 v - a scroll of brand weapon
 E - 3 scrolls of magic mapping
 F - 3 scrolls of teleportation
 I - a scroll of vulnerability
 L - a scroll of acquirement
 M - 2 scrolls of fear
 N - 2 scrolls of enchant weapon
 Q - a scroll of poison
Potions
 e - 2 potions of cancellation
 g - a potion of invisibility
 i - a potion of berserk rage {unknown}
 l - 2 potions of brilliance
 s - 2 potions of curing
 t - 4 potions of attraction
 w - a potion of haste {unknown}
 z - a potion of heal wounds {unknown}
 A - 2 potions of flight
 D - 3 potions of mutation
 J - a potion of lignification {unknown}
 K - 2 potions of degeneration {unknown}
 T - a potion of magic


   Skills:
 - Level 6.0 Fighting
 * Level 10.6 Maces & Flails
 - Level 1.5 Dodging
 - Level 3.0 Stealth
 - Level 6.0 Shields
 - Level 5.0 Spellcasting
 - Level 2.0 Hexes
 - Level 6.0 Summonings
 * Level 4.0 Invocations


You had 6 spell levels left.
You knew the following spells:

 Your Spells              Type           Power      Damage    Failure   Level
a - Summon Small Mammal   Summ           100%       N/A       5%          1
b - Call Imp              Summ           27%        N/A       9%          2
c - Call Canine Familiar  Summ           27%        N/A       17%         3
d - Summon Guardian Gole  Hex/Summ       19%        N/A       36%         3
e - Summon Lightning Spi  Summ/Air       16%        N/A       88%         4

Your spell library contained the following spells:

 Spells                   Type           Power      Damage    Failure   Level
 Beastly Appendage        Tmut           8%         N/A       54%         1
 Magic Dart               Conj           16%        1d3       54%         1
 Ensorcelled Hibernation  Hex/Ice        16%        N/A       54%         2
 Lesser Beckoning         Tloc           8%         N/A       69%         2
 Passwall                 Tmut/Erth      3%         N/A       69%         2
 Scorch                   Fire           8%         2d5       69%         2
 Wereblood                Tmut           4%         N/A       69%         2
 Portal Projectile        Hex/Tloc       16%        N/A       78%         3
 Gell's Gravitas          Tloc           4%         N/A       89%         3
 Mephitic Cloud           Conj/Pois/Air  4%         N/A       89%         3
 Spider Form              Tmut/Pois      4%         N/A       89%         3
 Swiftness                Air            4%         N/A       89%         3
 Teleport Other           Tloc           4%         N/A       89%         3
 Leda's Liquefaction      Hex/Erth       4%         N/A       99%         4
 Flame Wave               Conj/Fire      4%         2d5       100%        4
 Summon Cactus Giant      Summ           13%        N/A       100%        6


Dungeon Overview and Level Annotations

Branches:
Dungeon (9/15)             Temple (1/1) D:4          Bailey (1/1)
   Lair: D:8-11         Orc: D:9-12

Altars:
Ashenzari
Cheibriados
Dithmenos
Fedhas
Gozag
Hepliaklqana
Kikubaaqudgha
Makhleb
Nemelex Xobeh
Okawaru
Ru
Sif Muna
Trog
Uskayaw
Vehumet
Wu Jian
Yredelemnul
Zin
The Shining One

Shops:
D:1 [

Annotations:
D:1 exclusion: downstairs


Innate Abilities, Weirdness & Mutations

Your serpentine skin is tough. (AC +3)
You have supernaturally acute eyesight. (SInv)
Armour fits poorly on your strangely shaped body.
Your system is resistant to poisons. (rPois)
You cover ground very slowly.
You can spit poison.
You have a snake-like lower body.


Message History

Aiming: Charm
Press: ? - help, Shift-Dir - straight line, f - ogre
Aim: an ogre, wielding a +0 halberd (lightly wounded, chance to affect: 49%)
The ogre is charmed.
The two-headed ogre shouts in stereo!
You hear a shout!
Your ogre completely misses the nameless horror.
You block the nameless horror's attack.
Aiming: Charm
Press: ? - help, Shift-Dir - straight line, f - ogre, p - ogre
Aim: an ogre, wielding a +0 halberd (heavily wounded, ally target, chance to affect: 49%)
Okay, then.
Send 'em back where they came from!
Your hound shudders.
Your ogre hits the nameless horror with a +0 halberd!!
Your hound bites the nameless horror but does no damage.
The ogre closely misses your hound.
The two-headed ogre hits you from afar with a +0 halberd!
The two-headed ogre hits you from afar with a +0 bardiche!
* * * LOW HITPOINT WARNING * * *
Send 'em back where they came from!
Your hound shudders.
Your hound bites the nameless horror but does no damage.
Press: ? - help, v - describe, . - travel
Here: a two-headed ogre, wielding a +0 halberd and a +0 bardiche Some shallow water.
You fade into invisibility!
The nameless horror hits your hound.
Your ogre hits the nameless horror with a +0 halberd!
The nameless horror is destroyed!
The two-headed ogre hits you from afar with a +0 halberd!!
* * * LOW HITPOINT WARNING * * *
The two-headed ogre barely misses you.
The ogre hits you from afar with a +0 halberd.
* * * LOW HITPOINT WARNING * * *
Your ogre zombie hits the ogre.
The ogre hits your ogre zombie with a +0 halberd!!
Your ogre zombie is destroyed!
The two-headed ogre hits you from afar with a +0 halberd!
You die...
Your body rises from the dead as a mindless zombie.

##..# #.)# #..#
# #..# #. .
.#..# #.. ..
..#..# #..#
..♣♣♣♣♣..##..#
#..# .....
♣♣..##
#.)####~♣♣♣#h@##
#....~~~))O.##
##........O##
##......O##
#########


You could see a two-headed ogre (unable to see you), an ogre (unaware, unable to
see you), a friendly ogre (charmed) and a friendly hound (summoned).

Vanquished Creatures
  A hornet (D:8)
  2 wyverns
  Sigmund (D:4)
  A steam dragon (D:7)
  An orc warrior (D:8)
  2 water moccasins
  A sky beast (D:6)
  A black bear (D:7)
  An ogre (Bailey)
  A centaur (D:8)
  A phantom (D:4)
  4 bullfrogs
  A gnoll sergeant (D:9)
  A scorpion (D:6)
  4 wights
  7 killer bees
  3 howler monkeys (D:7)
  6 hounds
  A jelly (D:6)
  An orc priest (D:8)
  A gnoll bouda (D:3)
  Ijyb (D:4)
  3 iguanas
  Natasha (D:2)
  4 orc wizards
  A mummy (D:3)
  10 gnolls
  6 adders
  2 shadow imps
  A white imp (D:5)
  2 ufetubi
  2 worms
  A dart slug (D:3)
  22 orcs
  A ball python (D:2)
  2 bats
  5 endoplasms
  A giant cockroach (D:1)
  2 goblins (D:2)
  3 hobgoblins (D:4)
  2 jackals (D:3)
  5 quokkas
  2 frilled lizards (D:1)
  6 kobolds
  2 rats
129 creatures vanquished.

Vanquished Creatures (collateral kills)
  2 spriggans (Bailey)
  A steam dragon (D:6)
  A water moccasin (D:6)
  A black bear (D:4)
  An orc warrior (D:8)
  7 ogres
  2 centaurs
  A phantom (D:5)
  A nameless horror (Bailey)
  3 wights
  2 killer bees (D:8)
  An orc priest (D:6)
  Crazy Yiuf (D:4)
  A hound (D:4)
  An iguana (D:4)
  Natasha (twice) (D:2)
  3 orc wizards
  A centaur simulacrum (D:5)
  Robin (D:2)
  4 adders
  9 gnolls
  A shadow imp (D:7)
  A worm (D:2)
  A dart slug (D:1)
  9 orcs
  9 ball pythons
  An endoplasm (D:1)
  2 giant cockroaches
  12 goblins
  5 hobgoblins
  12 jackals
  2 quokkas
  4 bats
  5 kobolds
  4 rats
114 creatures vanquished.

Vanquished Creatures (others)
  The ghost of JzDz the Cleaver, a novice HOFi (D:5)
  An ogre (D:6)
  2 wights
  A centaur zombie (D:6)
  A water moccasin simulacrum (D:5)
  A hound (D:6)
  A jelly (D:5)
  A scorpion zombie (D:6)
  3 killer bee zombies
  A bullfrog simulacrum (D:5)
  3 ogre zombies (Bailey)
  3 hound zombies
  2 scorpion simulacra (D:5)
  A steam dragon zombie (D:7)
  A hound simulacrum (D:5)
  A white imp (D:5)
  2 adder zombies (D:5)
  An iguana zombie (D:4)
  A spectral shadow imp (D:5)
  An adder simulacrum (D:5)
  An orc (D:6)
  A kobold zombie (D:3)
  2 orc zombies (D:5)
  7 fungi (D:4)
40 creatures vanquished.

Grand Total: 283 creatures vanquished

Notes
Turn   | Place    | Note
-------+----------+-------------------------------------------
     0 | D:1      | browni3141 the Naga Summoner began the quest for the Orb.
     0 | D:1      | Reached XP level 1. HP: 15/15 MP: 3/3
    54 | D:1      | Reached skill level 1 in Fighting
   150 | D:1      | You fall into a shaft and drop 1 floor!
   188 | D:1      | Reached XP level 2. HP: 25/25 MP: 1/5
   304 | D:1      | Learned a level 2 spell: Call Imp
   638 | D:1      | Found Kecsov's Armour Shoppe.
   814 | D:1      | Reached XP level 3. HP: 9/33 MP: 3/6
  1651 | D:2      | Noticed Robin
  1656 | D:2      | Reached XP level 4. HP: 28/42 MP: 2/7
  1845 | D:2      | Killed Robin
  1846 | D:2      | Reached skill level 5 in Summonings
  1867 | D:2      | Reached XP level 5. HP: 28/49 MP: 0/8
  2267 | D:2      | Noticed Natasha
  2279 | D:2      | Killed Natasha
  2438 | D:2      | Noticed Natasha
  2442 | D:2      | Killed Natasha
  2450 | D:2      | Noticed Natasha
  2460 | D:2      | Killed Natasha
  2461 | D:2      | Reached XP level 6. HP: 40/56 MP: 7/10
  2850 | D:2      | Identified the ring of Vutuhudo {Fly rF+ rC+ Dex+2 Stlth-}
  2926 | D:3      | Learned a level 3 spell: Call Canine Familiar
  3010 | D:3      | Learned a level 3 spell: Summon Guardian Golem
  3333 | D:3      | Reached skill level 1 in Shields
  3476 | D:4      | Reached XP level 7. HP: 13/64 MP: 6/11
  3652 | D:4      | Found a runed translucent door.
  3653 | D:4      | Noticed Crazy Yiuf
  3753 | D:4      | Found a staircase to the Ecumenical Temple.
  3772 | Temple   | Entered the Ecumenical Temple
  4031 | Temple   | Became a worshipper of Yredelemnul the Dark
  4250 | D:4      | Found a shadowy altar of Dithmenos.
  4353 | D:4      | Noticed Ijyb
  4372 | D:4      | Killed Ijyb
  4457 | D:4      | Reached * piety under Yredelemnul
  4459 | D:4      | Reached skill level 5 in Fighting
  4564 | D:4      | Found a sacrificial altar of Ru.
  4610 | D:4      | Reached ** piety under Yredelemnul
  4878 | D:4      | Noticed Sigmund
  4887 | D:4      | Killed Sigmund
  4888 | D:4      | Reached XP level 8. HP: 70/75 MP: 6/12
  5227 | D:4      | Killed Crazy Yiuf
  5864 | D:3      | Found a snail-covered altar of Cheibriados.
  6404 | D:5      | Entered Level 5 of the Dungeon
  6507 | D:5      | Found a runed translucent gate.
  6507 | D:5      | Found a runed translucent gate.
  6507 | D:5      | Found a runed translucent gate.
  6620 | D:5      | Reached skill level 5 in Shields
  6875 | D:5      | Noticed JzDz's ghost (novice HOFi)
  7098 | D:5      | Reached skill level 1 in Hexes
  7629 | D:5      | Reached skill level 1 in Maces & Flails
  7972 | D:5      | Reached skill level 2 in Maces & Flails
  8111 | D:5      | Reached XP level 9. HP: 63/82 MP: 8/13
  8113 | D:5      | Reached skill level 3 in Maces & Flails
  8131 | D:5      | Killed JzDz's ghost
  8132 | D:5      | Reached skill level 4 in Maces & Flails
  8132 | D:5      | Reached skill level 5 in Maces & Flails
  8405 | D:1      | Bought a +2 leather armour of fire resistance for 228 gold
                  | pieces
  8611 | D:6      | Reached skill level 6 in Maces & Flails
  8842 | D:6      | Reached skill level 7 in Maces & Flails
  9268 | D:6      | Found a shimmering blue altar of Sif Muna.
  9453 | D:7      | Reached skill level 8 in Maces & Flails
  9488 | D:7      | Learned a level 4 spell: Summon Lightning Spire
  9608 | D:7      | Reached XP level 10. HP: 15/91 MP: 10/16
  9856 | D:7      | Reached skill level 5 in Spellcasting
 10119 | D:7      | Found an opulent altar of Gozag.
 10642 | D:8      | Reached skill level 9 in Maces & Flails
 10962 | D:8      | Reached *** piety under Yredelemnul
 11048 | D:8      | Reached **** piety under Yredelemnul
 11048 | D:8      | Reached skill level 10 in Maces & Flails
 11048 | D:8      | Reached skill level 1 in Invocations
 11225 | D:9      | Identified 2 scrolls of acquirement
 11225 | D:9      | Acquired the amulet of Midsummer {Reflect rElec SH+5}
 11351 | D:9      | Found a flagged portal.
 11360 | Bailey   | Entered a bailey
 11477 | Bailey   | Identified the quicksilver dragon scales of Summertime
                  | {Will+ Dex+3}
 11537 | Bailey   | Noticed a two-headed ogre
 11544 | Bailey   | Slain by a two-headed ogre

Illustrated notes

Levels and vault maps discovered:
D:1:      dpeg_arrival_rooms_with_view, layout_loops_corners, serial_shops,
          nicolae_square_shop
D:2:      layout_loops_cross, uniq_natasha, uniq_robin
D:3:      layout_basic, slow_altar_2, nrook_loot_triangle
D:4:      layout_basic, general_overflow_altar, amcnicky_altar_gilded,
          minmay_temple_entry_offerings, serial_aquarium, aquarium_bridge_square
          [aquarium_subvault_wall, aquarium_subvault_bridge,
          aquarium_subvault_balcony, aquarium_subvault_window],
          aquarium_bridge_straight [aquarium_subvault_bridge,
          aquarium_subvault_wall, aquarium_subvault_bridge,
          aquarium_subvault_balcony], aquarium_window_2, aquarium_window_double,
          aquarium_view_2c, aquarium_balcony_1b, grunt_decor_fettered,
          uniq_crazy_yiuf_cottage, uniq_sigmund, uniq_ijyb
D:5:      layout_basic, gammafunk_ghost_icy, eino_small_chamber_without_monster
D:6:      layout_basic, led_sif_pool
D:7:      layout_loops_ring, grunt_gozag_breadcrumbs
D:8:      layout_rooms, serial_bayou_pond_e
D:9:      layout_irregular_city, enter_bailey_6
Temple:   eino_temple_water
Bailey:   bailey_polearm_enchanted_keep_hellmonk, bailey

Skill      XL: |  1  2  3  4  5  6  7  8  9 10 |
---------------+-------------------------------+-----
Fighting       | 1 2 3 4 5 6 |  6.0
Summonings     | 5 6 |  6.0
Spellcasting   | 3 4 5 |  5.0
Shields        | 1 3 6 |  6.0
Hexes          | 2 |  2.0
Maces & Flails | 2 8 10 | 10.6
Invocations    | 4 |  4.0
Dodging        | |  1.5
Stealth        | |  3.0

Action                     |  1- 3 |  4- 6 |  7- 9 | 10-12 || total
---------------------------+-------+-------+-------+-------++-------
  Melee: Unarmed           |    78 |   142 |       |       ||   220
         Punch             |       |     1 |       |       ||     1
         Mace              |       |       |   153 |       ||   153
         Flail             |       |       |   160 |   195 ||   355
         Morningstar       |       |       |     7 |       ||     7
   Cast: Summon Small Mamm |    21 |     8 |       |       ||    29
         Call Imp          |    11 |    20 |       |     1 ||    32
         Call Canine Famil |       |    10 |    17 |     5 ||    32
         Summon Guardian G |       |       |     5 |     1 ||     6
 Invoke: Dark Bargain      |       |       |     1 |       ||     1
Ability: Spit Poison       |     4 |    12 |       |       ||    16
  Evoke: Wand              |       |       |    15 |     3 ||    18
    Use: Potion            |       |     1 |       |     1 ||     2
         Scroll            |       |       |       |    19 ||    19
   Stab: Sleeping          |     2 |     1 |     3 |       ||     6
         Distracted        |       |     1 |     5 |     2 ||     8
 Armour: Robe              |    17 |    61 |    88 |       ||   166
         Leather armour    |       |       |    40 |    52 ||    92
         Quicksilver drago |       |       |       |     1 ||     1
  Dodge: Dodged            |    47 |    91 |   115 |    61 ||   314
  Block: Kite shield       |       |    15 |   182 |   128 ||   325

Table legend: (Time is in decaauts)
 A = Elapsed time spent in this place.
 B = Non-inter-level travel time spent in this place.
 C = Inter-level travel time spent in this place.
 D = Time resting spent in this place.
 E = Time spent auto-exploring this place.
 F = Levels seen in this place.
 G = Mean time per level.
                   A        B        C        D        E       F      G
               +--------+--------+--------+--------+--------+-----+--------+
         Total |  14333 |  13531 |    802 |    466 |  10439 |  11 | 1303.0 |
       Dungeon |  13729 |  13004 |    725 |    437 |  10119 |   9 | 1525.4 |
        Temple |    387 |    310 |     77 |      0 |    289 |   1 |  387.0 |
        Bailey |    216 |    216 |      0 |     29 |     31 |   1 |  216.0 |
               +--------+--------+--------+--------+--------+-----+--------+

Top non-repeatable levels by time:
     D:5: 2437 daAuts
     D:1: 2240 daAuts
     D:4: 2084 daAuts
     D:3: 2064 daAuts
     D:2: 1459 daAuts
     D:7: 1404 daAuts
     D:6: 1058 daAuts
     D:8: 796 daAuts
  Temple: 387 daAuts
  Bailey: 216 daAuts
     D:9: 183 daAuts
